 Dungeon Crawl Stone Soup version 0.25-b1-37-g2669288c55 (webtiles) character file.

Game seed: 8305960004078577341

38 Descartes the Grasshopper (level 3, -7/16 HPs)
             Began as a Felid Warper on June 6, 2020.
             Mangled by a gnoll
             ... wielding a +0 spear
              (8 damage)
             ... on level 1 of the Dungeon.
             The game lasted 00:02:57 (2176 turns).

Descartes the Grasshopper (Felid Warper)            Turns: 2176, Time: 00:02:57

Health: -7/16      AC:  1    Str:  8    XL:     3   Next: 25%
Magic:  7/7        EV: 19    Int: 14    God:
Gold:   77         SH:  0    Dex: 15    Spells: 6/6 levels left
                                        Lives:  0   Deaths: 0

rFire    . . .     SeeInvis +     - Unarmed
rCold    . . .     Gourm    .   (shield unavailable)
rNeg     . . .     Faith    .   (armour unavailable)
rPois    .         Spirit   .   (helmet unavailable)
rElec    .         Reflect  .   (cloak unavailable)
rCorr    .         Harm     .   (gloves unavailable)
MR       .....                  (boots unavailable)
Stlth    ++........             (no amulet)
HPRegen  0.05/turn              (no ring)
MPRegen  0.10/turn              (no ring)

@: quick
A: very small, no armour, no weapons or thrown items, stealth, claws 1, fangs 3,
see invisible, carnivore, speed 1, shaggy fur 1, slow metabolism 1, sharp paws
a: no special abilities


You were on level 1 of the Dungeon.
You were completely stuffed.

You visited 1 branch of the dungeon, and saw 2 of its levels.

You collected 77 gold pieces.

Inventory:

Jewellery
 e - a cursed amulet of inaccuracy {unknown}
Scrolls
 a - a scroll of teleportation {unknown}
 b - a scroll of blinking
 f - a scroll of identify {unknown}
 h - a scroll of magic mapping {unknown}
 m - a scroll of remove curse {unknown}
Potions
 d - a potion of magic {unknown}
 g - a potion of resistance {unknown}
 i - a potion of stabbing {unknown}
 j - a potion of haste {unknown}
 l - a potion of curing {unknown}
Comestibles
 c - 4 rations
 k - a chunk of flesh


   Skills:
 + Level 2.3 Fighting
 + Level 3.6 Dodging
 * Level 2.2 Stealth
 * Level 2.6 Unarmed Combat
 - Level 2.0 Spellcasting
   Level 4.4 Translocations


You had 6 spell levels left.
You didn't know any spells.
Your spell library contained the following spells:

 Spells                   Type           Power        Failure   Level  Hunger
 Blink                    Tloc           N/A          6%          2    ###....
 Gell's Gravitas          Tloc           ##........   12%         3    ####...
 Lesser Beckoning         Tloc           ##........   12%         3    ####...
 Teleport Other           Tloc           ##......     12%         3    ####...
 Shroud of Golubria       Chrm/Tloc      #.....       14%         2    ###....
 Passage of Golubria      Tloc           N/A          36%         4    #####..


Dungeon Overview and Level Annotations

Branches:
Dungeon (2/15)

Altars:


Innate Abilities, Weirdness & Mutations

You cannot wear armour.
You are incapable of wielding weapons or throwing items.
Your paws allow you to move quietly. (Stealth)
You have sharp claws.
You have razor-sharp teeth.
You have supernaturally acute eyesight. (SInv)
You are carnivorous and can eat meat at any time.
You cover ground quickly.
You are covered in fur. (AC +1)
You have a slow metabolism.
Your sharp claws are effective at attacking unaware monsters.


Message History

You start resting.
The gnoll is too close now for your liking.
The gnoll barely misses you.
There is a stone staircase leading up here.
The gnoll hits you with a +0 spear.
You climb upwards.
There is a stone staircase leading down here.
You closely miss the gnoll. You bite the gnoll.
The gnoll is lightly wounded.
The gnoll hits you with a +0 spear.
You closely miss the gnoll.
The gnoll is lightly wounded.
The gnoll hits you with a +0 spear!
Ouch! That really hurt!
* * * LOW HITPOINT WARNING * * *
You closely miss the gnoll.
The gnoll is lightly wounded.
The gnoll hits you with a +0 spear!
Ouch! That really hurt!
You die...

#######..###..............♣♣♣
#..(..........♣.....♣♣♣†..♣P.
#######..#..♣♣♣.....♣♣.♣.♣♣P.
####...P♣♣.P.....♣PPP♣♣♣..
#.##.PP.♣♣.P.....♣♣..♣P.♣♣
#.##...P.♣.#..##.♣♣).P...♣
#.##..♣♣♣.........♣♣...P)♣
####...P♣♣♣.......#...♣♣.P♣♣.
#.......♣...@...........♣♣♣..
#######......g.......##.♣♣♣PP
#..............##....♣♣
#.....................♣
#.##.##................
#.##.##.............###
#......P###.#.......###
####.PP..##............
#.♣.♣♣.####♣♣♣♣♣..#..


You could see a gnoll.

Vanquished Creatures
  A dart slug (D:1)
  2 leopard geckos
  A giant cockroach (D:2)
  4 goblins
  8 hobgoblins
  2 jackals (D:2)
  4 bats
  A frilled lizard (D:1)
  3 kobolds (D:1)
  4 rats (D:2)
30 creatures vanquished.

Notes
Turn   | Place    | Note
-------+----------+-------------------------------------------
     0 | D:1      | Descartes the Felid Warper began the quest for the Orb.
     0 | D:1      | Reached XP level 1. HP: 9/9 MP: 4/4
   434 | D:1      | Reached skill level 1 in Stealth
   442 | D:1      | Reached XP level 2. HP: 8/13 MP: 6/6
  1808 | D:2      | Reached XP level 3. HP: 6/16 MP: 7/7
  2176 | D:1      | Mangled by a gnoll

Illustrated notes

Levels and vault maps discovered:
D:1:      matt_arrival_grand_opening, layout_basic, serial_forest,
          infiniplex_forest_pool, infiniplex_forest_clump_diagonal,
          infiniplex_forest_clump_small, infiniplex_forest_lined_4_way,
          infiniplex_forest_lined_2, infiniplex_forest_clump_curved,
          infiniplex_forest_split, infiniplex_forest_straight_4
D:2:      layout_basic, first_ration

Skill      XL: |  1  2 |
---------------+-------+-----
Stealth        | 1 2 |  2.2
Fighting       | |  2.3
Dodging        | |  3.6
Unarmed Combat | |  2.6
Spellcasting   | |  2.0
Translocations | |  4.4

Action                   || total
-------------------------++-------
Melee: Unarmed           ||   117
       Bite              ||    11
       Punch             ||     4
 Stab: Sleeping          ||     5
       Distracted        ||     1
  Eat: Chunk             ||    10
Armor: Skin              ||     4
Dodge: Dodged            ||    68
